 Dungeon Crawl Stone Soup version 0.18.1-48-g4cf74bf (webtiles) character file.

175 Inkary the Poker (level 5, -1/42 HPs)
             Began as a Merfolk Gladiator on Aug 4, 2016.
             Killed from afar by an orc wizard (5 damage)
             ... with a magic dart
             ... on level 3 of the Dungeon.
             The game lasted 00:03:08 (1994 turns).

Inkary the Poker (Merfolk Gladiator)                Turns: 1994, Time: 00:03:10

Health: -1/42      AC:  4    Str: 15    XL:     5   Next: 55%
Magic:  5/5        EV: 13    Int:  8    God:
Gold:   118        SH:  5    Dex: 15    Spells: 0 memorised, 4 levels left

rFire  . . .     SeeInvis .     a - +0 trident
rCold  . . .     Gourm    .     b - +0 leather armour
rNeg   . . .     Faith    .     l - +2 buckler {rPois}
rPois  +         Spirit   .     c - +0 helmet
rElec  .         Dismiss  .     (no cloak)
rCorr  .         Reflect  .     (no gloves)
SustAt .         Harm     .     (no boots)
MR     .....                    (no amulet)
Stlth  +.........               (no ring)
                                (no ring)

@: not resistant to hostile enchantments, very unstealthy
A: change form in water, swift swim
a: no special abilities


You were on level 3 of the Dungeon.
You were hungry.

You visited 1 branch of the dungeon, and saw 3 of its levels.

You collected 118 gold pieces.

Inventory:

Hand Weapons
 a - a +0 trident (weapon)
Missiles
 q - a javelin (quivered)
Armour
 b - a +0 leather armour (worn)
 c - a +0 helmet (worn)
 l - a +2 buckler of poison resistance (worn)
Scrolls
 e - a scroll of recharging {unknown}
 h - 2 scrolls of enchant armour {unknown}
 i - a scroll of remove curse {unknown}
 j - a scroll of identify {unknown}
 o - a scroll of enchant weapon {unknown}
Potions
 g - a potion of cancellation {unknown}
 k - a potion of haste {unknown}
 m - a potion of heal wounds {unknown}
 p - a potion of curing {unknown}
Comestibles
 f - a bread ration
 n - 5 fruits


   Skills:
 + Level 3.7 Fighting
 + Level 5.7 Polearms
 + Level 3.0 Throwing
 + Level 1.8 Armour
 - Level 4.0 Dodging


You had 4 spell levels left.
You didn't know any spells.

Dungeon Overview and Level Annotations

Branches:
Dungeon (3/15)

Altars:
Elyvilon


Message History

The orc wizard is lightly wounded.
The orc wizard casts a spell at you. The magic dart hits you!
* * * LOW HITPOINT WARNING * * *
You completely miss the orc wizard.
The orc wizard is lightly wounded.
The orc wizard closely misses you.
The orc wizard gestures at you while chanting.
The magic dart hits you!
* * * LOW HITPOINT WARNING * * *
Throwing (i - inventory):
q - 2 javelins (quivered)
Press: ? - help, Shift-Dir - straight line, f/p - orc wizard
Aim: an orc wizard, wielding a dagger of protection and wearing a robe (lightly wounded, fast)
You throw a javelin.
The javelin hits the orc wizard but does no damage.
The orc wizard is lightly wounded.
The orc wizard hits you but does no damage.
The orc wizard casts a spell at you. The magic dart hits you!
You die...

#.......# #.# #.#####.# #.#
#.#####.#### #.# #.#........#
#.######
#.#.###.##.#####.##...#
#.#.###.##............######
.....†..######.............#
#.......# ##.).########.#
#.#.###.# ##@## #.# #.#.# #.#
#o# #.# #.#.###.# #o# #.#
........# ##'## #.### #.#.###.#
##.>.## #...# #.......#
##.....## ####.## ###.##.##
##.......## #.....#
#.#...####.........####.....###
#........'...§.....'...........


You could see an orc wizard and an orc.

Vanquished Creatures
  An orc priest (D:3)
  2 orc wizards
  3 adders
  A worm (D:3)
  2 giant geckos (D:1)
  3 orcs
  A ball python (D:1)
  3 giant cockroaches (D:2)
  5 goblins
  6 hobgoblins
  6 jackals
  7 bats
  9 kobolds
  7 rats
56 creatures vanquished.

Notes
Turn   | Place    | Note
--------------------------------------------------------------
     0 | D:1      | Inkary the Merfolk Gladiator began the quest for the Orb.
     0 | D:1      | Reached XP level 1. HP: 16/16 MP: 1/1
   212 | D:1      | Reached XP level 2. HP: 23/23 MP: 2/2
   634 | D:1      | Reached XP level 3. HP: 28/28 MP: 3/3
   710 | D:2      | Reached skill level 1 in Armour
   960 | D:2      | Reached XP level 4. HP: 32/35 MP: 4/4
  1016 | D:2      | Found a white marble altar of Elyvilon.
  1139 | D:3      | Reached skill level 5 in Polearms
  1734 | D:2      | Reached XP level 5. HP: 13/41 MP: 5/5
  1994 | D:3      | Killed from afar by an orc wizard

Skill      XL: |  1  2  3  4  5 |
---------------+----------------+-----
Armour         | 1 |  1.8
Fighting       | 3 |  3.7
Polearms       | 5 |  5.7
Throwing       | 3 |  3.0
Dodging        | |  4.0

Action                   |  1- 3 |  4- 6 || total
-------------------------+-------+-------++-------
Melee: Trident           |   114 |    94 ||   208
Throw: Throwing net      |       |     3 ||     3
       Javelin           |       |     2 ||     2
 Stab: Sleeping          |     1 |     1 ||     2
       Held in net/web   |       |     1 ||     1
  Eat: Chunk             |       |     3 ||     3
Armor: Leather armour    |    27 |     9 ||    36
Dodge: Dodged            |    55 |    31 ||    86
Block: Buckler           |     4 |    25 ||    29
